 Dungeon Crawl Stone Soup version 0.19-a0-1181-g4905290 (webtiles) character file.

2798 PurpleRed the Destroyer (level 9, -4/45 HPs)
             Began as a Deep Elf Conjurer on Aug 17, 2016.
             Was a Believer of Vehumet.
             Shot with an arrow by a centaur (17 damage)
             ... on level 8 of the Dungeon.
             The game lasted 00:24:56 (5378 turns).

PurpleRed the Destroyer (Deep Elf Conjurer)         Turns: 5378, Time: 00:24:56

Health: -4/45      AC:  8    Str:  5      XL:     9   Next: 43%
Magic:  1/24       EV: 13    Int: 24      God:    Vehumet [**....]
Gold:   119        SH:  0    Dex: 19 (20) Spells: 5 memorised, 13 levels left

rFire  . . .     SeeInvis .     t - +3 dagger (protect)
rCold  . . .     Gourm    .     s - -2 robe (curse)
rNeg   . . .     Faith    .     (no shield)
rPois  .         Spirit   .     (no helmet)
rElec  .         Dismiss  .     k - +0 cloak
rCorr  .         Reflect  .     v - +1 pair of gloves
MR     +....     Harm     .     (no boots)
Stlth  ++........               D - amulet of inaccuracy (curse)
                                A - +5 ring of dexterity
                                q - ring of protection from magic

@: no status effects
A: no striking features
a: Renounce Religion


You were on level 8 of the Dungeon.
You worshipped Vehumet.
Vehumet was pleased with you.
You were not hungry.

You visited 2 branches of the dungeon, and saw 9 of its levels.

You collected 188 gold pieces.
You spent 69 gold pieces at shops.

Inventory:

Hand Weapons
 g - a +0 dagger of venom
 t - a +3 dagger of protection (weapon)
 z - the +7 broad axe of the Imperium {freeze, rF+ MR+, unknown}
   (You found it on level 6 of the Dungeon)

   It has been specially enchanted to freeze those struck by it, causing extra
   injury to most foes and up to half again as much damage against particularly
   susceptible opponents.
   It can also slow down cold-blooded creatures.
   It protects you from fire.
   It affects your resistance to hostile enchantments.
 I - a +0 blowgun
Missiles
 o - 33 poisoned needles
Armour
 a - a +0 robe
 k - a +0 cloak (worn)
 s - a cursed -2 robe (worn)
 v - a +1 pair of gloves (worn)
 w - a +2 robe of the Archmagi
 x - a +1 robe of cold resistance
 y - a +0 buckler
Jewellery
 j - an uncursed amulet of rage
 q - a ring of protection from magic (left hand)
 A - a +5 ring of dexterity (right hand)
 C - an uncursed ring of magical power {unknown}
 D - a cursed amulet of inaccuracy (around neck)
 F - an uncursed ring of fire {unknown}
 M - an uncursed ring of poison resistance {unknown}
Wands
 h - a wand of flame (0/48)
 p - a wand of flame (20/48)
 J - a wand of acid (5/15)
Scrolls
 e - 2 scrolls of amnesia
 f - 3 scrolls of identify
 i - a scroll of fog
 l - 3 scrolls of teleportation
 m - a scroll of enchant armour
 r - 2 scrolls of enchant weapon
 K - a scroll of recharging
 L - a scroll of immolation
Potions
 d - a potion of agility
 u - a potion of invisibility {unknown}
 B - a potion of cancellation
 H - a potion of heal wounds {unknown}
 N - a potion of haste {unknown}
Books
 b - a book of Conjurations

   Spells                             Type                      Level
   a - Magic Dart                     Conjuration                  1
   b - Searing Ray                    Conjuration                  2
   c - Dazzling Spray                 Conjuration/Hexes            3
   d - Fulminant Prism                Conjuration/Hexes            4
   e - Iskenderun's Mystic Blast      Conjuration                  4
   f - Iskenderun's Battlesphere      Conjuration/Charms           5
Comestibles
 c - 7 bread rations
 n - 2 meat rations
 E - 4 chunks of flesh
 G - 9 fruits


   Skills:
 - Level 2.4 Dodging
 - Level 2.4 Stealth
 + Level 9.4 Spellcasting
 * Level 11.2 Conjurations
 - Level 7.0 Charms
 + Level 2.7 Fire Magic


You had 13 spell levels left.
You knew the following spells:

 Your Spells              Type           Power        Failure   Level  Hunger
a - Magic Dart            Conj           ####         1%          1    None
b - Searing Ray           Conj           ######       1%          2    None
c - Iskenderun's Mystic   Conj           ######..     1%          4    ##.....
d - Iskenderun's Battles  Conj/Chrm      ######..     4%          5    ####...
e - Flame Tongue          Conj/Fire      #####        1%          1    None


Dungeon Overview and Level Annotations

Branches:
Dungeon (8/15)             Temple (1/1) D:5
   Lair: D:8-11

Altars:
Ashenzari
Cheibriados
Dithmenos
Elyvilon
Fedhas
Gozag
Kikubaaqudgha
Makhleb
Nemelex Xobeh
Qazlal
Ru
Sif Muna
Trog
Uskayaw
Vehumet
Yredelemnul
Zin
The Shining One
Lugonu

Shops:
D:4 ([   D:5 :


Message History

A centaur comes into view.
Casting: Searing Ray
Confirm with . or Enter, or press ? or * to list all spells.
You conjure a globe of magical energy.
The centaur shouts!
The centaur wields a shortbow.
The centaur shoots an arrow.
The arrow hits you!
Casting: Iskenderun's Battlesphere
Confirm with . or Enter, or press ? or * to list all spells.
Aiming: Magic Dart
Press: ? - help, Shift-Dir - straight line, f - centaur
Aim: a centaur, wielding a shortbow The magic dart hits the centaur.
The centaur is lightly wounded.
Your battlesphere fires!
The barrage of energy hits the centaur.
The centaur is almost dead.
The centaur shoots an arrow.
The arrow hits you!
* * * LOW HITPOINT WARNING * * *
The centaur shoots an arrow.
The arrow hits you!
You die...

#. .>... #... ##...
... #..
#c#############
#.)...*)......######.
#..†...@.)).....)))..
#.###########.#######
#.# #.# #.# #.#
#.###########'###
#.#...........(.#
..#.............#
###.............##
#....(.)....†.#


You could see a centaur and a friendly battlesphere.

Vanquished Creatures
  The ghost of Ryco the Ducker, a novice MiBe of Trog (D:6)
  Eustachio (D:6)
  A steam dragon (D:8)
  Edmund (D:5)
  An orc warrior (D:8)
  A sky beast (D:8)
  A black bear (D:7)
  An ice beast (D:5)
  4 ogres
  A phantom (D:4)
  A big kobold (D:7)
  A giant frog (D:8)
  3 scorpions
  2 howler monkeys (D:7)
  2 crimson imps
  A giant frog zombie (D:5)
  A quasit (D:8)
  4 hounds
  7 orc wizards
  3 orc priests
  A centaur skeleton (D:6)
  2 iguanas
  A worker ant (D:6)
  A hound skeleton (D:7)
  A howler monkey zombie (D:7)
  A worker ant zombie (D:6)
  7 gnolls
  4 adders
  3 oozes
  2 adder zombies (D:7)
  4 dart slugs
  5 giant geckos
  23 orcs
  3 ball pythons
  5 bats
  2 giant cockroaches
  8 hobgoblins
  7 jackals
  9 kobolds
  2 quokkas
  4 giant newts
  9 goblins
  A jackal zombie (D:6)
  A quokka zombie (D:7)
  7 rats
151 creatures vanquished.

Vanquished Creatures (others)
  A human (D:2)
1 creature vanquished.

Grand Total: 152 creatures vanquished

Notes
Turn   | Place    | Note
-------+----------+-------------------------------------------
     0 | D:1      | PurpleRed the Deep Elf Conjurer began the quest for the Orb.
     0 | D:1      | Reached XP level 1. HP: 10/10 MP: 6/6
   133 | D:1      | Reached XP level 2. HP: 15/15 MP: 2/8
   137 | D:1      | Learned a level 2 spell: Searing Ray
   183 | D:1      | Reached skill level 5 in Conjurations
   537 | D:1      | Reached XP level 3. HP: 19/19 MP: 7/9
   630 | D:2      | Found an ancient bone altar of Kikubaaqudgha.
   631 | D:2      | Noticed a human
   633 | D:2      | Killed a human
   806 | D:2      | Found a sacrificial altar of Ru.
   977 | D:2      | Reached XP level 4. HP: 24/24 MP: 6/12
  1213 | D:2      | Found a glowing silver altar of Zin.
  1427 | D:2      | Reached skill level 6 in Conjurations
  1725 | D:3      | Found a burning altar of Makhleb.
  1727 | D:3      | Found a radiant altar of Vehumet.
  1735 | D:3      | Reached XP level 5. HP: 25/28 MP: 4/13
  1741 | D:3      | Became a worshipper of Vehumet
  2097 | D:4      | Found a hide-covered altar of Uskayaw.
  2100 | D:4      | Noticed a dagger
  2100 | D:4      | Noticed a hand axe
  2121 | D:4      | Reached skill level 5 in Spellcasting
  2284 | D:4      | Reached skill level 7 in Conjurations
  2308 | D:4      | Reached XP level 6. HP: 25/32 MP: 5/15
  2361 | D:4      | Found Ciepliol's Weapon Boutique.
  2520 | D:4      | Learned a level 4 spell: Iskenderun's Mystic Blast
  2532 | D:4      | Learned a level 5 spell: Iskenderun's Battlesphere
  2577 | D:4      | Reached skill level 1 in Charms
  2652 | D:4      | Reached XP level 7. HP: 36/36 MP: 4/18
  2726 | D:5      | Entered Level 5 of the Dungeon
  2834 | D:5      | Reached skill level 8 in Conjurations
  2848 | D:5      | Found a shadowy altar of Dithmenos.
  2897 | D:5      | Found a staircase to the Ecumenical Temple.
  2901 | Temple   | Entered the Ecumenical Temple
  2986 | D:5      | Reached * piety under Vehumet
  2986 | D:5      | Offered knowledge of Sandblast by Vehumet.
  3255 | D:4      | Found Icwazoin's Antique Armour Emporium.
  3258 | D:4      | Bought a glowing robe for 23 gold pieces
  3270 | D:4      | Bought a runed robe for 23 gold pieces
  3270 | D:4      | Bought a runed robe for 23 gold pieces
  3352 | D:5      | Noticed Edmund
  3358 | D:5      | Killed Edmund
  3381 | D:4      | Reached skill level 9 in Conjurations
  3381 | D:4      | Reached XP level 8. HP: 35/41 MP: 6/20
  3676 | D:5      | Found Fecuefy's Book Shop.
  3924 | D:6      | Found a stormy altar of Qazlal.
  4037 | D:6      | Found a basalt altar of Yredelemnul.
  4037 | D:6      | Found a shattered altar of Ashenzari.
  4072 | D:6      | Noticed Ryco's ghost (novice MiBe)
  4168 | D:6      | Killed Ryco's ghost
  4168 | D:6      | Reached skill level 5 in Charms
  4271 | D:6      | Got a shimmering broad axe
  4364 | D:6      | Noticed Eustachio
  4374 | D:6      | Killed Eustachio
  4374 | D:6      | Reached skill level 10 in Conjurations
  4495 | D:5      | Found a deep blue altar of Sif Muna.
  4854 | D:7      | Reached XP level 9. HP: 45/45 MP: 14/23
  4987 | D:7      | Reached ** piety under Vehumet
  4987 | D:7      | Offered knowledge of Flame Tongue by Vehumet.
  4998 | D:7      | Learned a level 1 spell: Flame Tongue
  5191 | D:8      | Reached skill level 1 in Fire Magic
  5257 | D:8      | Reached skill level 11 in Conjurations
  5378 | D:8      | Shot with an arrow by a centaur

Vault maps used:
D:1:      zaba_arrival_water
D:2:      zin_statuary, nicolae_ru_path_of_blood, tgw_kikubaaqudgha
D:3:      grunt_temple_overflow_lords_of_destruction
D:4:      dancing_weapons_uskayaw, serial_shops, kennysheep_mini,
          nicolae_shop_behind_doors
D:5:      nicolae_overflow_hidden_temple, kennysheep_little_box, first_bread,
          serial_shops, nicolae_shop_statue_plus, uniq_edmund
D:6:      gammafunk_temple_overflow_wave, grunt_qazlal_sundering,
          kennysheep_another_room, lightli_corner_chamber, uniq_eustachio
D:8:      lair_0_dummy, minmay_misc_feat_four_crosses, uniq_grum
Temple:   corrupted_temple

Skill      XL: |  1  2  3  4  5  6  7  8  9 |
---------------+----------------------------+-----
Conjurations   | 5 6 7 9 10 11 | 11.2
Spellcasting   | 4 5 6 7 8 9 |  9.4
Charms         | 2 4 6 7 |  7.0
Fire Magic     | 2 |  2.7
Dodging        | |  2.4
Stealth        | |  2.4

Action                   |  1- 3 |  4- 6 |  7- 9 || total
-------------------------+-------+-------+-------++-------
Melee: Dagger            |    14 |     7 |     2 ||    23
 Cast: Magic Dart        |    62 |    51 |    85 ||   198
       Searing Ray       |     3 |    19 |    28 ||    50
       Iskenderun's Myst |       |       |     4 ||     4
       Iskenderun's Batt |       |       |    17 ||    17
  Use: Scroll            |       |     6 |     7 ||    13
 Stab: Sleeping          |       |     1 |     2 ||     3
  Eat: Chunk             |       |     5 |    11 ||    16
       Beef jerky        |       |       |     1 ||     1
Armor: Robe              |     3 |     3 |    14 ||    20
Dodge: Dodged            |    16 |    12 |    25 ||    53
